 Dungeon Crawl Stone Soup version 0.27-a0-684-g359e429f13 (webtiles) character file.

Game seed: 1995710469013321362

2 Allula97 the Grave Robber (level 1, -1/13 HPs)
             Began as a Demonspawn Necromancer on Mar 20, 2021.
             Slain by a rat (2 damage)
             ... on level 1 of the Dungeon.
             The game lasted 00:00:25 (35 turns).

Allula97 the Grave Robber (Demonspawn Necromancer)    Turns: 35, Time: 00:00:25

Health: -1/13      AC:  2    Str:  8    XL:     1   Next: 25%
Magic:  3/3        EV: 12    Int: 16    God:
Gold:   0          SH:  0    Dex: 13    Spells: 3/4 levels left

rFire    . . .     SeeInvis .   (no weapon)
rCold    . . .     Faith    .   (no shield)
rNeg     . . .     Spirit   .   a - +0 robe
rPois    .         Reflect  .   (no helmet)
rElec    .         Harm     .   (no cloak)
rCorr    .         Rampage  .   (no gloves)
Will     .....                  (no boots)
Stlth    ++........             (no amulet)
HPRegen  0.04/turn              (no ring)
MPRegen  0.08/turn              (no ring)

@: no status effects
A: no striking features
a: no special abilities


You were on level 1 of the Dungeon.
You visited 1 branch of the dungeon, and saw 1 of its levels.

Inventory:

Armour
 a - a +0 robe (worn)


   Skills:
 + Level 1.7 Dodging
 + Level 1.7 Stealth
 + Level 2.0 Spellcasting
 * Level 4.5 Necromancy


You had 3 spell levels left.
You knew the following spells:

 Your Spells              Type           Power      Damage    Failure   Level
a - Pain                  Necr           64%        1d7       3%          1

Your spell library contained the following spells:

 Spells                   Type           Power      Damage    Failure   Level
 Animate Skeleton         Necr           32%        N/A       3%          1
 Vampiric Draining        Necr           8%         2d7       10%         3
 Animate Dead             Necr           8%         N/A       32%         4
 Agony                    Necr           16%        N/A       65%         5


Dungeon Overview and Level Annotations

Branches:
Dungeon (1/15)

Altars:


Message History

The rat is heavily wounded.
The rat bites you. The rat barely misses you.
You hit the rat.
You kill the rat!
The rat barely misses you.
You hit the rat but do no damage. The rat barely misses you. x2
You completely miss the rat. The rat bites you but does no damage.
The rat misses you.
You barely miss the rat. The rat closely misses you. The rat barely misses you.
You hit the rat.
The rat is moderately wounded.
The rat closely misses you. The rat bites you.
You closely miss the rat.
The rat is moderately wounded.
The rat barely misses you. The rat misses you.
You barely miss the rat.
The rat is moderately wounded.
The rat closely misses you. The rat bites you.
You completely miss the rat.
The rat is moderately wounded.
The rat closely misses you. The rat bites you.
You hit the rat.
The rat is moderately wounded.
The rat bites you. x2
* * * LOW HITPOINT WARNING * * *
You hit the rat but do no damage.
The rat is moderately wounded.
The rat bites you but does no damage. The rat closely misses you.
The rat bites you.
* * * LOW HITPOINT WARNING * * *
You are too injured to fight recklessly!
You hit the rat but do no damage.
The rat is moderately wounded.
The rat completely misses you. The rat closely misses you.
The rat bites you but does no damage.
You hit the rat.
You kill the rat!
The rat closely misses you. The rat bites you but does no damage.
The rat bites you.
You die...

# .. #.###### #
#......#### .#
#......#..##..#
#......'......#
########.<#...#
###r@..# ...
##..r#### #
#...## #..##
#†..# #(...#
#....# #....#
#...##


You could see 2 rats.

Vanquished Creatures
  3 rats (D:1)
3 creatures vanquished.

Notes
Turn   | Place    | Note
-------+----------+-------------------------------------------
     0 | D:1      | Allula97 the Demonspawn Necromancer began the quest for the
                  | Orb.
     0 | D:1      | Reached XP level 1. HP: 13/13 MP: 3/3
    35 | D:1      | Slain by a rat

Illustrated notes

Levels and vault maps discovered:
D:1:      dpeg_arrival_ratfight, layout_basic, hangedman_abyss_or_decor_stabs,
          kennysheep_nondescript, serial_park_tiny_2, hangedman_decor_points

Action                   || total
-------------------------++-------
Melee: Unarmed           ||    18
 Stab: Sleeping          ||     2
Armor: Robe              ||     4
Dodge: Dodged            ||    21

Table legend: (Time is in decaauts)
 A = Elapsed time spent in this place.
 B = Non-inter-level travel time spent in this place.
 C = Inter-level travel time spent in this place.
 D = Time resting spent in this place.
 E = Time spent auto-exploring this place.
 F = Levels seen in this place.
 G = Mean time per level.
                   A        B        C        D        E       F      G
               +--------+--------+--------+--------+--------+-----+--------+
         Total |     35 |     35 |      0 |      0 |      7 |   1 |   35.0 |
       Dungeon |     35 |     35 |      0 |      0 |      7 |   1 |   35.0 |
               +--------+--------+--------+--------+--------+-----+--------+

Top non-repeatable levels by time:
     D:1: 35 daAuts
